 Dungeon Crawl Stone Soup version 0.30-a0-225-g04c3547f4f (webtiles) character file.

Game seed: 15966252408611148986

6283 qw the Cleaver (level 10, 0/64 HPs)
             Began as a Gargoyle Fighter on Oct 9, 2022.
             Was an Elder of Okawaru.
             Slain by Erica
             ... wielding a +4 scimitar of flaming
              (9 damage)
             ... on level 8 of the Dungeon.
             The game lasted 00:03:01 (5742 turns).

qw the Cleaver (Gargoyle Fighter)                   Turns: 5742, Time: 00:03:01

Health: 0/64       AC: 26    Str: 24    XL:     10   Next: 94%
Magic:  13/15      EV: 10    Int:  9    God:    Okawaru [****..]
Gold:   502        SH:  6    Dex:  9    Spells: 9/9 levels left

rFire   . . .      SeeInvis .    Y - +1 war axe
rCold   + . .      Faith    .    c - +0 buckler
rNeg    + . .      Spirit   .    k - +0 chain mail
rPois   inf        Reflect  .    l - +0 helmet
rElec   +          Harm     .    f - +0 cloak
rCorr   .          Rampage  .    (no gloves)
Will    .....                    a - +3 pair of mountain boots {steadfast, rC+}
Stlth   ..........               (no amulet)
HPRegen 0.30/turn                (no ring)
MPRegen 0.14/turn                (no ring)

@: heroic, slowed, very slow
A: sickness immunity, AC +7, negative energy resistance 1, electricity
resistance, torment resistance 1, petrification resistance
a: Renounce Religion, Heroism, Finesse


You were on level 8 of the Dungeon.
You worshipped Okawaru.
Okawaru was greatly pleased with you.
You visited 1 branch of the dungeon, and saw 8 of its levels.

You collected 556 gold pieces.
You spent 54 gold pieces at shops.


Innate Abilities, Weirdness & Mutations

You are immune to sickness and miasma.
Your stone body is resilient. (AC +7)
You are immune to poison.
You resist negative energy. (rN+)
You are resistant to electric shocks. (rElec)
You are resistant to unholy torment.
You are immune to petrification.


   Skills:
 - Level 8.3(13.3) Fighting
 + Level 10.3(15.3) Axes
 - Level 2.2(7.2) Throwing
 - Level 6.1(11.1) Armour
 - Level 1.5(6.5) Dodging
 - Level 5.0(10.0) Shields
 + Level 7.2 Invocations


You had 9 spell levels left.
You didn't know any spells.
Your spell library was empty.

Inventory:

Hand Weapons
 h - a +1 vampiric whip
 Y - a +1 war axe (weapon)
Armour
 a - the +3 pair of mountain boots (worn) {steadfast, rC+}
   (You acquired it on level 6 of the Dungeon)

   It prevents involuntary movement, except for blinking, teleportation, or
   banishment.
   rC:        It protects you from cold.
 c - a +0 buckler (worn)
 f - a +0 cloak (worn)
 k - a +0 chain mail (worn)
 l - a +0 helmet (worn)
Jewellery
 r - a ring of ice
Scrolls
 e - a scroll of teleportation
 i - a scroll of identify
Potions
 d - a potion of might
 g - a potion of cancellation
 j - 2 potions of mutation
 m - a potion of lignification
 n - 2 potions of heal wounds
 o - a potion of haste
 p - 2 potions of curing

Dungeon Overview and Level Annotations

Branches:
Dungeon (8/15)             Temple (0/1) D:6
   Lair: D:8-11

Altars:
Cheibriados
Hepliaklqana
Nemelex Xobeh
Okawaru
Vehumet

Shops:
D:2 [

Annotations:
D:8 Erica


Message History

The yak gores you. The yak barely misses you.
Your Invocations skill increases to level 7!
You hit the yak.
The yak is almost dead.
You hit the yak. You slash Erica!
The yak gores you but does no damage. x2; Erica closely misses you.
You block the yak's attack. Erica hits you but does no damage.
You block the yak's attack.
You closely miss the yak.
The yak is almost dead.
You barely miss the yak. You slash Erica! The yak gores you.
The yak gores you but does no damage. Erica hits you but does no damage.
You barely miss the yak.
The yak is almost dead.
You hit the yak but do no damage. You slash Erica! You block the yak's attack.
The yak barely misses you. Erica casts a spell at you.
You feel as though you will be slow longer.
You barely miss the yak.
The yak is almost dead.
You hit Erica. You hit the yak but do no damage. You block the yak's attack.
The yak gores you.
Erica hits you with a +4 scimitar of flaming!
Erica burns you.
You slice the yak!!
You kill the yak!
Okawaru accepts your kill.
You hit the yak but do no damage. You hit Erica.
You feel like a meek peon again. The yak gores you. Erica barely misses you.
5741 ||| INVOKING Heroism.
You gain the combat prowess of a mighty hero.
The yak gores you. You block Erica's attack.
You slash Erica!
Erica is heavily wounded.
You slash the yak! The yak gores you!
Erica hits you with a +4 scimitar of flaming!
You die...

... # .... ##. ###.
###..# #.. ...
......##.# ..####
.#.....#.##.....########
.(.......... #........#
..........# #.....##.#
......%...# #.....##?#
......Y@.## ###.....##..
......@..####......%..<.
.......)...........%####
..............#.....#
...........####.....#
.........#..# #.....#
.....##.###...#######
..#.# #.# ##.# #... ...
..


You could see Erica and a yak.

Vanquished Creatures
  Pikel (D:5)
  An ugly thing (D:7)
  A manticore (D:8)
  Joseph (D:7)
  Maggie (D:6)
  A troll (D:7)
  Grinder (D:4)
  Prince Ribbit (D:6)
  5 yaks
  A wyvern (D:8)
  A wraith (D:7)
  A water moccasin (D:6)
  An orc warrior (D:5)
  A hornet zombie (D:6)
  2 ice beasts (D:7)
  4 ogres
  A sky beast (D:8)
  2 centaurs
  A lemure (D:5)
  2 phantoms
  5 bullfrogs
  3 scorpions
  A wyvern skeleton (D:6)
  A howler monkey (D:7)
  3 centaur zombies (D:6)
  3 bullfrog zombies (D:6)
  A jelly (D:7)
  7 hounds
  2 gnoll boudas
  A bullfrog skeleton (D:6)
  6 iguanas
  An orc wizard (D:7)
  4 killer bee zombies (D:6)
  12 gnolls
  6 adders
  A shadow imp (D:7)
  A white imp (D:7)
  An ufetubus (D:4)
  A worm (D:5)
  2 dart slugs (D:1)
  9 orcs
  8 ball pythons
  7 endoplasms
  7 giant cockroaches
  9 goblins
  7 hobgoblins
  10 kobolds
  3 quokkas
  5 bats
  4 frilled lizards
  6 rats
167 creatures vanquished.

Vanquished Creatures (others)
  A withered plant (D:6)
1 creature vanquished.

Grand Total: 168 creatures vanquished

Notes
Turn   | Place    | Note
-------+----------+-------------------------------------------
     0 | D:1      | qw the Gargoyle Fighter began the quest for the Orb.
     0 | D:1      | Reached XP level 1. HP: 14/14 MP: 1/1
     0 | D:1      | 0 ||| qw: Version: 0.2-a-17-g06abaee
     0 | D:1      | 0 ||| qw: Game counter: 2293
     0 | D:1      | 0 ||| qw: Always use a shield: true
     0 | D:1      | 0 ||| qw: God list: Okawaru
     0 | D:1      | 0 ||| qw: Allow faded altars: false
     0 | D:1      | 0 ||| qw: Do Orc after D:15 true
     0 | D:1      | 0 ||| qw: Do second Lair branch before Depths: true
     0 | D:1      | 0 ||| qw: Lair rune preference: random
     0 | D:1      | 0 ||| qw: Plans: Normal, Zot:1-4, God:TSO, Crypt, Tomb,
                  | Pan, Slime:5, Hells, Abyss, Orb
     0 | D:1      | 0 ||| PLANNING D:1-11
    31 | D:1      | 31 ||| Stepping ~*~*~tactically~*~*~ (stealth).
    37 | D:1      | Reached skill level 2 in Axes
    41 | D:1      | 41 ||| Stepping ~*~*~tactically~*~*~ (stealth).
    42 | D:1      | 42 ||| Stepping ~*~*~tactically~*~*~ (stealth).
    44 | D:1      | 44 ||| Stepping ~*~*~tactically~*~*~ (stealth).
    52 | D:1      | 52 ||| DROPPING +0 club.
    58 | D:1      | 58 ||| Stepping ~*~*~tactically~*~*~ (stealth).
    64 | D:1      | Reached XP level 2. HP: 19/19 MP: 2/2
    68 | D:1      | 68 ||| Stepping ~*~*~tactically~*~*~ (stealth).
   158 | D:1      | 158 ||| DROPPING +0 whip.
   162 | D:1      | 162 ||| DROPPING +2 vorpal hand axe.
   205 | D:1      | Reached skill level 3 in Axes
   301 | D:1      | Reached XP level 3. HP: 23/23 MP: 3/3
   622 | D:1      | 622 ||| Stepping ~*~*~tactically~*~*~ (hiding).
   624 | D:1      | 624 ||| Stepping ~*~*~tactically~*~*~ (hiding).
   832 | D:1      | 832 ||| UPGRADING to +0 cloak.
   837 | D:1      | 837 ||| READING scroll labelled RERCHA TEOPEI.
   840 | D:1      | 840 ||| READING 2 scrolls labelled ICIC CYTAGGI.
   841 | D:1      | 841 ||| READING scroll labelled XAECECOREU.
   895 | D:2      | Reached XP level 4. HP: 28/28 MP: 4/4
   958 | D:2      | Found Enes's Armour Shop.
   977 | D:2      | Reached skill level 4 in Axes
   984 | D:2      | 984 ||| BUYING +0 chain mail (54 gold).
   984 | D:2      | Bought a +0 chain mail for 54 gold pieces
   984 | D:2      | 984 ||| SHOPLISTING +0 pair of boots of Panentheism {Str+3
                  | Stlth+} (247 gold, have 75).
   984 | D:2      | 984 ||| SHOPLISTING +0 plate armour (276 gold, have 75).
   984 | D:2      | 984 ||| SHOPLISTING +1 steam dragon scales of Cerch {rC+
                  | Slay+3} (859 gold, have 75).
  1021 | D:2      | Found a faded altar of an unknown god.
  1304 | D:2      | 1304 ||| DROPPING orb of guile.
  1305 | D:2      | 1305 ||| UPGRADING to +0 chain mail.
  1315 | D:2      | 1315 ||| DROPPING +0 scale mail.
  1316 | D:2      | 1316 ||| READING scroll labelled FEABRA ATHRI.
  1317 | D:2      | 1317 ||| READING scroll labelled XEDGHI MUIBBIOK.
  1318 | D:2      | 1318 ||| DRINKING 2 brown potions.
  1319 | D:2      | 1319 ||| READING 5 scrolls of identify.
  1319 | D:2      | 1319 ||| IDENTIFYING fuming white potion
  1320 | D:2      | 1320 ||| READING 4 scrolls of identify.
  1320 | D:2      | 1320 ||| IDENTIFYING black potion
  1321 | D:2      | 1321 ||| READING 3 scrolls of identify.
  1321 | D:2      | 1321 ||| IDENTIFYING white potion
  1322 | D:2      | 1322 ||| READING 2 scrolls of identify.
  1322 | D:2      | 1322 ||| IDENTIFYING fizzy black potion
  1323 | D:2      | 1323 ||| DROPPING potion of degeneration.
  1324 | D:2      | 1324 ||| DROPPING potion of flight.
  1404 | D:3      | 1404 ||| Stepping ~*~*~tactically~*~*~ (stealth).
  1513 | D:3      | 1513 ||| Stepping ~*~*~tactically~*~*~ (stealth).
  1543 | D:3      | 1543 ||| Stepping ~*~*~tactically~*~*~ (stealth).
  1552 | D:3      | 1552 ||| Stepping ~*~*~tactically~*~*~ (stealth).
  1557 | D:3      | Reached XP level 5. HP: 32/32 MP: 5/5
  1626 | D:3      | Found a faded altar of an unknown god.
  1702 | D:3      | 1702 ||| READING scroll labelled CIUTIQIEPN.
  1703 | D:3      | 1703 ||| READING scroll labelled PAOVAUCLODGH.
  1704 | D:3      | 1704 ||| DRINKING 2 blue potions.
  1752 | D:4      | Reached skill level 5 in Axes
  1862 | D:4      | 1862 ||| STAIRDANCE
  1863 | D:3      | Found an iron altar of Okawaru.
  1864 | D:3      | 1864 ||| PLANNING OKAWARU WORSHIP
  1869 | D:3      | Became a worshipper of Warmaster Okawaru
  1870 | D:3      | 1870 ||| PLANNING D:1-11
  1995 | D:4      | Noticed Grinder
  2022 | D:4      | Killed Grinder
  2022 | D:4      | Reached * piety under Okawaru
  2023 | D:4      | Reached XP level 6. HP: 24/41 MP: 6/6
  2206 | D:4      | 2206 ||| INVOKING Heroism.
  2212 | D:4      | 2212 ||| Stepping ~*~*~tactically~*~*~ (stealth).
  2216 | D:4      | Reached XP level 7. HP: 40/45 MP: 5/7
  2231 | D:4      | Reached skill level 1 in Invocations
  2256 | D:4      | 2256 ||| Stepping ~*~*~tactically~*~*~ (hiding).
  2260 | D:4      | 2260 ||| INVOKING Heroism.
  2273 | D:4      | 2273 ||| INVOKING Heroism.
  2329 | D:4      | 2329 ||| Stepping ~*~*~tactically~*~*~ (stealth).
  2330 | D:4      | 2330 ||| Stepping ~*~*~tactically~*~*~ (stealth).
  2373 | D:4      | Found a hazy altar of Hepliaklqana.
  2416 | D:4      | Found a snail-covered altar of Cheibriados.
  2633 | D:4      | 2633 ||| UPGRADING to +0 pair of boots.
  2638 | D:4      | 2638 ||| DROPPING ring of flight.
  2639 | D:4      | 2639 ||| READING 2 scrolls of identify.
  2639 | D:4      | 2639 ||| IDENTIFYING emerald potion
  2640 | D:4      | 2640 ||| DROPPING potion of brilliance.
  2650 | D:5      | Entered Level 5 of the Dungeon
  2683 | D:5      | 2683 ||| INVOKING Heroism.
  2684 | D:5      | Noticed Pikel
  2685 | D:5      | 2685 ||| Stepping ~*~*~tactically~*~*~ (hiding).
  2695 | D:5      | 2695 ||| INVOKING Heroism.
  2708 | D:5      | 2708 ||| INVOKING Heroism.
  2714 | D:5      | Killed Pikel
  2714 | D:5      | Reached ** piety under Okawaru
  2715 | D:5      | Reached skill level 6 in Axes
  2715 | D:5      | Reached XP level 8. HP: 19/51 MP: 5/11
  2720 | D:5      | HP: 1/51 [ogre/+0 giant club (19)]
  2721 | D:5      | 2721 ||| READING 2 scrolls of teleportation.
  2722 | D:5      | 2722 ||| DRINKING 3 potions of heal wounds.
  2724 | D:5      | Reached skill level 1 in Dodging
  2963 | D:5      | 2963 ||| INVOKING Heroism.
  3058 | D:5      | 3058 ||| Stepping ~*~*~tactically~*~*~ (stealth).
  3076 | D:5      | Reached skill level 7 in Axes
  3128 | D:5      | Found a radiant altar of Vehumet.
  3130 | D:5      | 3130 ||| Stepping ~*~*~tactically~*~*~ (stealth).
  3227 | D:5      | 3227 ||| Stepping ~*~*~tactically~*~*~ (stealth).
  3233 | D:5      | 3233 ||| Stepping ~*~*~tactically~*~*~ (hiding).
  3234 | D:5      | 3234 ||| INVOKING Heroism.
  3427 | D:5      | 3427 ||| READING scroll labelled JOREMYRUOM.
  3437 | D:6      | 3437 ||| INVOKING Heroism.
  3439 | D:6      | 3439 ||| STAIRDANCE
  3480 | D:6      | 3480 ||| STAIRDANCE
  3528 | D:6      | 3528 ||| INVOKING Heroism.
  3534 | D:6      | Reached skill level 8 in Axes
  3582 | D:6      | Reached *** piety under Okawaru
  3611 | D:6      | 3611 ||| INVOKING Heroism.
  3619 | D:6      | Reached skill level 6 in Fighting
  3619 | D:6      | Reached XP level 9. HP: 55/55 MP: 10/12
  3638 | D:6      | Found a staircase to the Ecumenical Temple.
  3706 | D:6      | Noticed Maggie
  3707 | D:6      | 3707 ||| INVOKING Heroism.
  3723 | D:6      | HP: 13/55 [something (1)]
  3724 | D:6      | Killed Maggie
  3927 | D:6      | Reached skill level 9 in Axes
  4048 | D:6      | 4048 ||| INVOKING Heroism.
  4147 | D:6      | Noticed Prince Ribbit
  4148 | D:6      | 4148 ||| INVOKING Heroism.
  4167 | D:6      | 4167 ||| INVOKING Heroism.
  4171 | D:6      | Killed Prince Ribbit
  4302 | D:6      | 4302 ||| UPGRADING to +0 helmet.
  4307 | D:6      | 4307 ||| READING scroll labelled KOKHIGH CUHOING.
  4308 | D:6      | 4308 ||| READING 2 scrolls of identify.
  4308 | D:6      | 4308 ||| IDENTIFYING puce potion
  4318 | D:7      | 4318 ||| INVOKING Heroism.
  4358 | D:7      | 4358 ||| Stepping ~*~*~tactically~*~*~ (hiding).
  4381 | D:7      | 4381 ||| Stepping ~*~*~tactically~*~*~ (stealth).
  4409 | D:7      | 4409 ||| FLEEEEING.
  4410 | D:7      | 4410 ||| FLEEEEING.
  4411 | D:7      | 4411 ||| FLEEEEING.
  4412 | D:7      | 4412 ||| FLEEEEING.
  4413 | D:7      | 4413 ||| FLEEEEING.
  4414 | D:7      | 4414 ||| FLEEEEING.
  4419 | D:7      | 4419 ||| INVOKING Heroism.
  4444 | D:7      | 4444 ||| Stepping ~*~*~tactically~*~*~ (stealth).
  4445 | D:7      | 4445 ||| FLEEEEING.
  4446 | D:7      | 4446 ||| Stepping ~*~*~tactically~*~*~ (hiding).
  4447 | D:7      | 4447 ||| FLEEEEING.
  4448 | D:7      | 4448 ||| Stepping ~*~*~tactically~*~*~ (hiding).
  4449 | D:7      | 4449 ||| Stepping ~*~*~tactically~*~*~ (hiding).
  4450 | D:7      | 4450 ||| INVOKING Heroism.
  4466 | D:7      | Reached XP level 10. HP: 46/63 MP: 11/13
  4538 | D:7      | 4538 ||| Stepping ~*~*~tactically~*~*~ (stealth).
  4539 | D:7      | 4539 ||| Stepping ~*~*~tactically~*~*~ (stealth).
  4542 | D:7      | 4542 ||| Stepping ~*~*~tactically~*~*~ (hiding).
  4560 | D:7      | 4560 ||| Stepping ~*~*~tactically~*~*~ (hiding).
  4643 | D:7      | Reached skill level 10 in Axes
  4654 | D:7      | 4654 ||| Stepping ~*~*~tactically~*~*~ (stealth).
  4656 | D:7      | 4656 ||| Stepping ~*~*~tactically~*~*~ (stealth).
  4669 | D:7      | Noticed Joseph
  4673 | D:7      | 4673 ||| INVOKING Heroism.
  4674 | D:7      | Paralysed by Joseph for 3 turns
  4685 | D:7      | Killed Joseph
  4686 | D:7      | Reached skill level 6 in Armour
  4705 | D:7      | 4705 ||| Stepping ~*~*~tactically~*~*~ (stealth).
  4714 | D:7      | 4714 ||| INVOKING Heroism.
  4721 | D:7      | Reached **** piety under Okawaru
  4765 | D:7      | Noticed a purple ugly thing
  4766 | D:7      | 4766 ||| Stepping ~*~*~tactically~*~*~ (stealth).
  4767 | D:7      | 4767 ||| Stepping ~*~*~tactically~*~*~ (stealth).
  4768 | D:7      | 4768 ||| Stepping ~*~*~tactically~*~*~ (stealth).
  4776 | D:7      | 4776 ||| INVOKING Heroism.
  4780 | D:7      | HP: 9/64 [purple ugly thing (11)]
  4781 | D:7      | 4781 ||| READING scroll of teleportation.
  4782 | D:7      | 4782 ||| DRINKING 2 potions of heal wounds.
  4784 | D:7      | Killed a purple ugly thing
  4785 | D:7      | 4785 ||| FLEEEEING.
  4786 | D:7      | 4786 ||| FLEEEEING.
  4787 | D:7      | 4787 ||| STAIRDANCE
  4909 | D:6      | 4909 ||| READING scroll labelled ISHUISK AXOM.
  4909 | D:6      | Identified a scroll of acquirement
  4909 | D:6      | 4909 ||| ACQUIRING +3 pair of mountain boots {steadfast,
                  | rC+}
  4909 | D:6      | Acquired the +3 pair of mountain boots {steadfast, rC+}
  4909 | D:6      | Found the +3 pair of mountain boots {steadfast, rC+}
  4911 | D:6      | 4911 ||| UPGRADING to +3 pair of mountain boots {steadfast,
                  | rC+}.
  4921 | D:6      | 4921 ||| DROPPING +0 pair of boots.
  4922 | D:6      | 4922 ||| DRINKING 2 glowing ruby potions.
  4963 | D:6      | 4963 ||| READING 2 scrolls of identify.
  4963 | D:6      | 4963 ||| IDENTIFYING silvery potion
  4964 | D:6      | 4964 ||| DROPPING potion of berserk rage.
  4972 | D:7      | 4972 ||| STAIRDANCE
  4988 | D:7      | 4988 ||| STAIRDANCE
  5157 | D:7      | Received a gift from Okawaru
  5303 | D:7      | Reached skill level 1 in Throwing
  5309 | D:7      | Found a sparkling altar of Nemelex Xobeh.
  5462 | D:7      | 5462 ||| READING scroll labelled POLLIO HEFORPHITTE.
  5499 | D:8      | Reached skill level 6 in Invocations
  5604 | D:8      | Noticed a manticore
  5605 | D:8      | 5605 ||| INVOKING Heroism.
  5616 | D:8      | Killed a manticore
  5706 | D:8      | 5706 ||| Stepping ~*~*~tactically~*~*~ (stealth).
  5707 | D:8      | 5707 ||| Stepping ~*~*~tactically~*~*~ (stealth).
  5709 | D:8      | 5709 ||| Stepping ~*~*~tactically~*~*~ (stealth).
  5721 | D:8      | Noticed Erica
  5722 | D:8      | 5722 ||| INVOKING Heroism.
  5741 | D:8      | 5741 ||| INVOKING Heroism.
  5742 | D:8      | HP: 9/64 [yak (8)]
  5742 | D:8      | Slain by Erica

Levels and vault maps discovered:
D:1:      dpeg_arrival_lava_temple_mockup, layout_basic
D:2:      layout_basic, serial_shops, nicolae_square_shop,
          ebering_ecumenical_altar_mist, grunt_ministairs_10,
          wad_floor_pattern_1, st_stairs_9
D:3:      layout_rooms, nicolae_overflow_ecumenical_swirl
D:4:      layout_loops_cross, mainiacjoe_overflow_brackets, cheibriados_altar_1,
          uniq_grinder
D:5:      layout_basic, mainiacjoe_overflow_surrounded_room, uniq_pikel
D:6:      layout_rooms, minmay_temple_entry_statues, serial_undead,
          serial_undead_d, serial_undead_a, serial_undead_d, serial_undead_c,
          uniq_maggie, uniq_edmund, uniq_prince_ribbit1
D:7:      hangedman_cross_stitches, layout_rooms, nemelex_dance_club_becter,
          kb_rosetta, uniq_joseph
D:8:      layout_rooms, amethyst_overflow_temple_binary, minmay_lizard_king,
          uniq_grum, uniq_erica

Skill      XL: |  1  2  3  4  5  6  7  8  9 10 |
---------------+-------------------------------+-----
Axes           | 2 3 4 5 6 8 9 10 | 10.3
Fighting       | 5 6 7 8 |  8.3
Invocations    | 4 7 |  7.2
Dodging        | 1 |  1.5
Armour         | 4 5 6 |  6.1
Shields        | 4 5 |  5.0
Throwing       | 2 |  2.2

Action                   |  1- 3 |  4- 6 |  7- 9 | 10-12 || total
-------------------------+-------+-------+-------+-------++-------
Melee: War axe           |    91 |   116 |   308 |   158 ||   673
Throw: Javelin           |       |       |       |     3 ||     3
Invok: Heroism           |       |     1 |    17 |     6 ||    24
  Use: Scroll            |     3 |     8 |     5 |     4 ||    20
       Potion            |       |     2 |     1 |     2 ||     5
Armor: Scale mail        |    52 |    22 |       |       ||    74
       Chain mail        |       |    39 |   202 |   115 ||   356
Dodge: Dodged            |    46 |    38 |   117 |    56 ||   257
Block: Buckler           |    18 |    25 |    72 |    42 ||   157

Table legend:
 A = Non-vault XP
 B = Vault XP
 C = Vault XP percentage of total XP
 D = Non-vault monster count
 E = Vault monster count
 F = Vault count percentage of total count
                 A         B        C        D         E       F
            +---------+---------+-------+---------+---------+-------
      Total |    4219 |    4758 |  53.0 |     126 |      40 |  24.1
            +---------+---------+-------+---------+---------+-------
        D:1 |      66 |       0 |   0.0 |      34 |       0 |   0.0
        D:2 |      41 |      19 |  31.7 |      11 |       5 |  31.2
        D:3 |      41 |       0 |   0.0 |      15 |       0 |   0.0
        D:4 |     313 |     272 |  46.5 |      21 |       1 |   4.5
        D:5 |     597 |     607 |  50.4 |      17 |       1 |   5.6
        D:6 |     854 |    1302 |  60.4 |      10 |      15 |  60.0
        D:7 |     432 |    2558 |  85.6 |       9 |      18 |  66.7
        D:8 |    1875 |       0 |   0.0 |       9 |       0 |   0.0
            +---------+---------+-------+---------+---------+-------
